 Dungeon Crawl Stone Soup version 0.26.0-45-g9c1d065592 (webtiles) character file.

Game seed: 13521872361218573230

(classic levelgen) 5 thiole the Stinger (level 1, -1/12 HPs)
             Began as an Octopode Venom Mage on Jan 30, 2021.
             Slain by a kobold
             ... wielding a +0 short sword
              (4 damage)
             ... on level 1 of the Dungeon.
             The game lasted 00:00:24 (182 turns).

thiole the Stinger (Octopode Venom Mage)             Turns: 182, Time: 00:00:25

Health: -1/12      AC:  1    Str:  7    XL:     1   Next: 80%
Magic:  0/3        EV: 13    Int: 17    God:
Gold:   25         SH:  0    Dex: 12    Spells: 3/4 levels left

rFire    . . .     SeeInvis .   (no weapon)
rCold    . . .     Faith    .   (no shield)
rNeg     . . .     Spirit   .   (helmet restricted)
rPois    .         Reflect  .   (no amulet)
rElec    .         Harm     .   (no ring)
rCorr    .         Rampage  .   (no ring)
Will     .....                  (no ring)
Stlth    +++.......             (no ring)
HPRegen  0.04/turn              (no ring)
MPRegen  0.08/turn              (no ring)
                                (no ring)
                                (no ring)

@: no status effects
A: almost no armour, stealthy swim, amphibious, 8 rings, constrict 8, camouflage
1, gelatinous body 1
a: no special abilities


You were on level 1 of the Dungeon.
You visited 1 branch of the dungeon, and saw 1 of its levels.

You collected 25 gold pieces.

Inventory:

Scrolls
 a - a scroll of remove curse {unknown}


   Skills:
 + Level 0.5 Fighting
 - Level 2.0 Dodging
 - Level 2.6 Stealth
 - Level 2.0 Spellcasting
 - Level 1.0 Transmutations
 - Level 4.0 Poison Magic


You had 3 spell levels left.
You knew the following spells:

 Your Spells              Type           Power        Failure   Level
a - Sting                 Tmut/Pois      40%          7%          1

Your spell library contained the following spells:

 Spells                   Type           Power        Failure   Level
 Poisonous Vapours        Pois/Air       16%          13%         2
 Ignite Poison            Fire/Tmut/Pois 7%           28%         3
 Mephitic Cloud           Conj/Pois/Air  6%           34%         3
 Olgreb's Toxic Radiance  Pois           15%          36%         4


Dungeon Overview and Level Annotations

Branches:
Dungeon (1/15)

Altars:


Innate Abilities, Weirdness & Mutations

You cannot wear most types of armour.
You are very stealthy in the water. (Stealth+)
You are amphibious.
You can wear up to eight rings at the same time.
You can use your tentacles to constrict eight enemies at once.
Your skin changes colour to match your surroundings (Stealth+).
Your rubbery body absorbs attacks. (AC +1, EV +1)


Message History

Aiming: Sting (safe; 7% risk of failure)
Press: ? - help, Shift-Dir - straight line, f - bat
Aim: a bat (43% to evade)
The sting hits the bat.
The bat is poisoned.
The bat is severely wounded.
The bat hits you.
The kobold hits you with a +0 short sword.
The bat closely misses you. The bat barely misses you.
The bat barely misses you. The bat hits you.
* * * LOW HITPOINT WARNING * * *
The bat closely misses you.
You closely miss the bat. You grab the bat.
The bat is severely wounded.
You constrict the bat.
You kill the bat!
You closely miss the kobold. Your grab misses the kobold.
The kobold hits you with a +0 short sword.
You die...

#....)# #.. #.....## #..
#......# # #... #.....(# .#
#....#.####.###..#. ....
#.(..#.###......... ...>
...........r....... .....
#...##..###K###..#. .....
#...##†)###@###..# #. #....
##...............# #.##...#
........###.###..#..#.......
##.##............#..###.....
# #...###................# #
#...#######.#...........
#.##...........#..#####...#
#.......######.#..##.......
####....########..#####...#


You could see a kobold and a rat.

Vanquished Creatures
  2 hobgoblins (D:1)
  3 bats (D:1)
  A frilled lizard (D:1)
6 creatures vanquished.

Notes
Turn   | Place    | Note
-------+----------+-------------------------------------------
     0 | D:1      | thiole the Octopode Venom Mage began the quest for the Orb.
     0 | D:1      | Reached XP level 1. HP: 11/11 MP: 3/3
   166 | D:1      | Reached skill level 4 in Poison Magic
   182 | D:1      | Slain by a kobold

Illustrated notes

Levels and vault maps discovered:
D:1:      ncdulo_wetmaze, layout_basic, serial_bayou_pond_c

Skill      XL: |  1 |
---------------+----+-----
Poison Magic   | 4 |  4.0
Fighting       | |  0.5
Dodging        | |  2.0
Stealth        | |  2.6
Spellcasting   | |  2.0
Transmutations | |  1.0

Action                   || total
-------------------------++-------
Melee: Unarmed           ||     9
       Constrict         ||     4
       Tentacles         ||     2
 Cast: Sting             ||     7
Armor: Skin              ||     3
Dodge: Dodged            ||    21
